 Dungeon Crawl Stone Soup version 0.26-a0-639-g72c4674329 (webtiles) character file.

Game seed: 1567017559023865716

(classic levelgen) 5814 EnegeticOcto the Cleaver (level 10, -12/92 HPs)
             Began as a Deep Dwarf Fighter on Sept 28, 2020.
             Was a Priest of Makhleb.
             Killed from afar by a wizard (33 damage)
             ... with a bolt of lightning
             ... while paralysed by a wizard
             ... in a Gauntlet.
             The game lasted 00:04:15 (5546 turns).

EnegeticOcto the Cleaver (Deep Dwarf Fighter)       Turns: 5546, Time: 00:04:15

Health: -12/92     AC: 16    Str: 29    XL:     10   Next: 51%
Magic:  6/6        EV:  2    Int:  9    God:    Makhleb [***...]
Gold:   545        SH:  0    Dex: 12    Spells: 9/9 levels left

rFire    . . .     SeeInvis .   a - +1 war axe
rCold    . . .     Faith    .   c - +0 kite shield
rNeg     . . .     Spirit   .   y - +3 chain mail
rPois    .         Reflect  +   (no helmet)
rElec    .         Harm     .   n - +0 cloak
rCorr    .         Rampage  .   (no gloves)
MR       +....     NoTele   +   j - +0 pair of boots
Stlth    ..........             z - amulet of reflection
HPRegen  0.00/turn              B - +6 ring of strength
MPRegen  0.10/turn              (no ring)

@: paralysed, non-regenerating
A: damage resistance, heal wounds, sense surroundings 2, no regeneration
a: Heal Wounds, Minor Destruction, Lesser Servant of Makhleb, Renounce Religion


You were in a Gauntlet.
You worshipped Makhleb.
Makhleb was most pleased with you.
You visited 2 branches of the dungeon, and saw 12 of its levels.
You visited the Abyss 1 time.
You also visited: Gauntlet.

You collected 545 gold pieces.

Inventory:

Hand Weapons
 a - a +1 war axe (weapon)
Armour
 c - a +0 kite shield (worn)
 j - a +0 pair of boots (worn)
 n - a +0 cloak (worn)
 y - a +3 chain mail (worn)
Jewellery
 z - an amulet of reflection (around neck)
 B - a +6 ring of strength (left hand)
Wands
 e - a wand of disintegration (14)
 p - a wand of iceblast (29) {@v2}
 u - a wand of digging (5) {@v3}
 A - a wand of polymorph (9)
Scrolls
 b - 7 scrolls of identify {@r1}
 f - 2 scrolls of enchant armour
 g - 5 scrolls of teleportation {@r3}
 l - 6 scrolls of remove curse {@r2}
 m - 2 scrolls of immolation {@r4}
 q - 2 scrolls of fear
 t - 6 scrolls of magic mapping {@r5}
 C - a scroll of brand weapon {unknown}
Potions
 d - 3 potions of might {@q3}
 h - 2 potions of haste {@q4}
 i - 2 potions of berserk rage
 k - a potion of resistance {unknown}
 o - 2 potions of mutation
 r - 2 potions of curing {@q1}
 s - 2 potions of lignification {@q7}
 v - 2 potions of heal wounds {@q2}
 w - a potion of ambrosia
 x - a potion of brilliance {unknown}
 D - a potion of stabbing {unknown}


   Skills:
 + Level 6.5 Fighting
 * Level 10.5 Axes
 + Level 8.0 Armour
 + Level 8.0 Shields
 + Level 7.3 Invocations


You had 9 spell levels left.
You didn't know any spells.
Your spell library was empty.

Dungeon Overview and Level Annotations

Branches:
Dungeon (11/15)            Temple (1/1) D:6            Lair (0/6) D:8
    Orc (0/2) D:9         Gauntlet (1/1)

Altars:
Cheibriados
Dithmenos
Elyvilon
Fedhas
Gozag
Hepliaklqana
Kikubaaqudgha
Makhleb
Nemelex Xobeh
Okawaru
Qazlal
Ru
Sif Muna
Trog
Uskayaw
Wu Jian
Xom
Yredelemnul
Zin
The Shining One

Shops:
D:8 }!   D:10 =[**=

Portals:
Trove: D:10 (give 9 potions of haste)

Annotations:
D:6 1 runed translucent door, Lanoc's ghost, novice HOFE
D:8 2 transporters, LostGamesStreakFreak's ghost, novice GrEE Gauntlet 4 transporters, 16 runed translucent doors


Innate Abilities, Weirdness & Mutations

You are resistant to damage.
You can heal yourself by infusing magical energy.
You passively map the area around you.
You do not regenerate.


Message History

You slash the white imp!
You kill the white imp!
Makhleb accepts your kill.
You hit the wizard. The wizard hits you with a +0 dagger.
You block the wizard's attack.
You hit the wizard.
The wizard is severely wounded.
You miss the wizard.
The wizard mumbles some strange words.
The wizard flickers and vanishes!
Deactivating autopickup; reactivate with Ctrl-A.
You block the wizard's attack.
You hit the wizard.
The wizard is moderately wounded.
You miss something. You block something's attack.
You hit the wizard but do no damage.
The wizard is moderately wounded.
You slash something!
The wizard casts a spell.
The wizard blinks!
You hear some strange, mumbled words.
You are cast into the Abyss!
To return, you must find a gate leading back.
Killing monsters will force the Abyss to allow you passage.
This branch contains the abyssal rune of Zot.
Reactivating autopickup.
Found a potion of curing.
You feel much better.
r - 2 potions of curing {@q1} (gained 1)
You now have 545 gold pieces (gained 11).
A ynoxinul comes into view.
The ynoxinul bellows!
Found a potion of berserk rage.
Found a gateway leading out of the Abyss.
A hell hound comes into view.
The ynoxinul gestures.
The hell hound moves out of view.
The hell hound barks!
Found 40 stones.
There is a fountain of clear blue water here.
Your chain mail prevents you from hitting the ufetubus.
You closely miss the ynoxinul. The ufetubus closely misses you.
You block the ufetubus's attack. The ynoxinul barely misses you.
You block the ufetubus's attack.
The ufetubus hits you but does no damage.
A hell hound comes into view.
The ufetubus hits you but does no damage.
You block the ufetubus's attack.
The hell hound barks!
The ufetubus hits you but does no damage.
You block the ufetubus's attack.
You slash the ynoxinul!
The ynoxinul is heavily wounded.
You hit the ufetubus. You slash the ufetubus!
You kill the ufetubus!
You block the ufetubus's attack.
The ufetubus hits you but does no damage.
The hell hound barely misses you.
The ufetubus hits you but does no damage.
The ufetubus barely misses you. You block the ynoxinul's attack.
A hell hound comes into view.
A hell hound comes into view.
The hell hound barks! x2
You block the ufetubus's attack.
The ufetubus hits you but does no damage.
The hell hound breathes flames at you. The blast of flame hits you!
You block the ynoxinul's attack. You block the hell hound's attack.
The ufetubus hits you but does no damage.
The ufetubus hits you.
The ynoxinul hits you but does no damage.
There is a gateway leading out of the Abyss here.
The ufetubus hits you but does no damage. x2
You block the hell hound's attack.
The ynoxinul hits you but does no damage.
You block the hell hound's attack. The ufetubus closely misses you.
You block the ufetubus's attack.
You pass through the gate.
The nature of this place prevents you from teleporting.
Level annotation: 4 transporters, 16 runed translucent doors The wizard casts a spell.
The wizard blinks!
You barely miss the wizard.
The wizard is heavily wounded.
You hit the wizard.
The wizard mumbles some strange words.
You feel troubled. The wizard hits you with a +0 dagger.
The wizard hits you but does no damage.
You closely miss the wizard.
The wizard is heavily wounded.
You barely miss the wizard. You block the wizard's attack.
The wizard mumbles some strange words.
The wizard glows brightly for a moment.
The wizard points at you and mumbles some strange words.
You suddenly lose the ability to move!
The wizard points at you and mumbles some strange words.
The bolt of lightning hits you!!!
* * * LOW HITPOINT WARNING * * *
The bolt of lightning hits you!!
You die...

* * ** ** , **
..#,#.......≈# ,
,.#©#........### * *,
#########..#8# , * ,,
,.#.#...#..### , . ,
#..^#..#....# ..#
#..^##.#....### , *
..#.^##.#..####..#8# *
..#©.#^©@p..#©#..# * ,*
,..#[.##.#p.##.#..# * ,
,..#.##..^##.#.#..###
,,
...#..#..^#..#.#..#8# *
...#..^#.#...#.#..####
*
...###########.#......
*8
.≈...........#4#......
, *
§8≈....#######.#######,
§§.....#©§.§..5.....©#


You could see 2 wizards.

Vanquished Creatures
  A gargoyle (D:10)
  An ice devil (Gauntlet)
  A troll (D:9)
  A queen bee (D:10)
  2 hippogriffs (D:10)
  2 shadows (Gauntlet)
  4 yaks (D:9)
  A wyvern (D:9)
  A water moccasin (D:10)
  2 orc warriors (D:7)
  2 sky beasts
  An ogre (D:9)
  A centaur (D:8)
  3 big kobolds
  3 bullfrogs
  A wyvern skeleton (D:9)
  4 scorpions
  15 killer bees
  7 wights
  Crazy Yiuf (D:7)
  3 hounds
  5 jellies
  6 orc wizards
  A gnoll shaman (D:9)
  An orc priest (D:7)
  A bullfrog skeleton (D:9)
  4 iguanas
  10 worker ants
  A hound zombie (D:5)
  A hound skeleton (D:7)
  A worker ant zombie (D:7)
  3 gnolls (D:9)
  6 adders
  2 shadow imps
  7 white imps
  2 ufetubi
  An ooze (D:3)
  3 adder skeletons
  2 leopard geckos
  27 orcs
  3 giant cockroaches
  A goblin (D:2)
  7 jackals
  3 quokkas
  2 ball pythons
  3 bats
  A frilled lizard (D:3)
  A jackal skeleton (D:5)
  17 kobolds
  A leopard gecko zombie (D:9)
  A quokka skeleton (D:9)
  4 rats
185 creatures vanquished.

Vanquished Creatures (collateral kills)
  2 shadows (Gauntlet)
2 creatures vanquished.

Vanquished Creatures (others)
  A kobold (D:11)
  12 demonic plants (Gauntlet)
  4 plants (D:10)
  A withered plant (Gauntlet)
18 creatures vanquished.

Grand Total: 205 creatures vanquished

Notes
Turn   | Place    | Note
-------+----------+-------------------------------------------
     0 | D:1      | EnegeticOcto the Deep Dwarf Fighter began the quest for the
                  | Orb.
     0 | D:1      | Reached XP level 1. HP: 20/20 MP: 1/1
   145 | D:2      | Reached XP level 2. HP: 27/27 MP: 2/2
   379 | D:3      | Reached skill level 3 in Axes
   380 | D:3      | Reached XP level 3. HP: 28/33 MP: 3/3
   619 | D:4      | Noticed a scorpion
   632 | D:4      | Killed a scorpion
   632 | D:4      | Reached XP level 4. HP: 18/42 MP: 4/4
   672 | D:4      | Found a glowing golden altar of the Shining One.
   846 | D:5      | Entered Level 5 of the Dungeon
   890 | D:5      | Reached skill level 4 in Axes
   890 | D:5      | Reached XP level 5. HP: 36/49 MP: 5/5
  1045 | D:5      | Found a white marble altar of Elyvilon.
  1137 | D:5      | Noticed a sky beast
  1162 | D:5      | Killed a sky beast
  1162 | D:5      | Reached XP level 6. HP: 13/57 MP: 5/5
  1172 | D:5      | Reached skill level 5 in Axes
  1706 | D:6      | Found a staircase to the Ecumenical Temple.
  1728 | Temple   | Entered the Ecumenical Temple
  1813 | Temple   | Became a worshipper of Makhleb the Destroyer
  1939 | D:6      | Reached XP level 7. HP: 49/64 MP: 5/5
  2124 | D:6      | Found a runed translucent door.
  2128 | D:6      | Noticed Lanoc's ghost (novice HOFE)
  2197 | D:6      | Found a sacrificial altar of Ru.
  2285 | D:7      | Reached skill level 5 in Armour
  2285 | D:7      | Reached skill level 5 in Shields
  2285 | D:7      | Reached skill level 1 in Invocations
  2393 | D:7      | Reached skill level 6 in Axes
  2484 | D:7      | Reached XP level 8. HP: 40/73 MP: 6/8
  2490 | D:7      | Reached * piety under Makhleb
  2637 | D:7      | Reached skill level 7 in Axes
  2713 | D:7      | Found a runed translucent door.
  2714 | D:7      | Noticed Crazy Yiuf
  2857 | D:7      | Found a shimmering altar of Xom.
  2857 | D:7      | Found a blossoming altar of Fedhas.
  2955 | D:7      | Killed Crazy Yiuf
  3304 | D:8      | Found Ethraenup's Gadget Shop.
  3350 | D:8      | Reached skill level 5 in Fighting
  3430 | D:8      | Found a bloodstained altar of Trog.
  3445 | D:8      | Found a staircase to the Lair.
  3466 | D:8      | Found a transporter.
  3503 | D:8      | Noticed LostGamesStreakFreak's ghost (novice GrEE)
  3561 | D:8      | Found Cifuqirhymn's Distillery.
  3582 | D:8      | Found a transporter.
  3842 | D:9      | Reached skill level 8 in Axes
  3895 | D:9      | Gained mutation: You passively map the area around you.
                  | [Deep Dwarf growth]
  3895 | D:9      | Reached XP level 9. HP: 61/81 MP: 6/6
  3943 | D:9      | Reached ** piety under Makhleb
  3985 | D:9      | Noticed a troll
  3997 | D:9      | Killed a troll
  3997 | D:9      | Reached skill level 5 in Invocations
  4270 | D:9      | Reached skill level 9 in Axes
  4283 | D:9      | Found a staircase to the Orcish Mines.
  4558 | D:10     | Entered Level 10 of the Dungeon
  4668 | D:10     | Found Igga's Armour Boutique.
  4674 | D:10     | Found Ownudent's Jewellery Boutique.
  4715 | D:10     | Found Fuetai's General Store.
  4891 | D:10     | Reached *** piety under Makhleb
  4930 | D:10     | Reached XP level 10. HP: 91/91 MP: 7/7
  4972 | D:10     | Found Yrattiz's Jewellery Boutique.
  5002 | D:10     | Found a portal to a secret trove of treasure.
  5108 | D:10     | Noticed a gargoyle
  5114 | D:10     | Killed a gargoyle
  5172 | D:10     | Found Pachipn's Assorted Antiques.
  5261 | D:10     | Reached skill level 10 in Axes
  5381 | D:11     | Found a gate leading to a gauntlet.
  5382 | D:11     | Noticed a two-headed ogre
  5383 | D:11     | Noticed a soul eater
  5387 | Gauntlet | Entered a Gauntlet
  5387 | Gauntlet | Found a transporter.
  5387 | Gauntlet | Found a transporter.
  5391 | Gauntlet | Found a transporter.
  5393 | Gauntlet | Found a transporter.
  5436 | Gauntlet | Found a transporter.
  5438 | Gauntlet | Found a large runed translucent door.
  5439 | Gauntlet | Found a large runed translucent door.
  5440 | Gauntlet | Found a large runed translucent door.
  5440 | Gauntlet | Found a large runed translucent door.
  5440 | Gauntlet | Found a runed translucent door.
  5440 | Gauntlet | Found a runed translucent door.
  5440 | Gauntlet | Noticed a worldbinder
  5441 | Gauntlet | Found a large runed translucent door.
  5442 | Gauntlet | Found a large runed translucent door.
  5443 | Gauntlet | Found a large runed translucent door.
  5443 | Gauntlet | Found a large runed translucent door.
  5444 | Gauntlet | Found a large runed translucent door.
  5444 | Gauntlet | Found a large runed translucent door.
  5444 | Gauntlet | Found a large runed translucent door.
  5444 | Gauntlet | Found a large runed translucent door.
  5445 | Gauntlet | Found a large runed translucent door.
  5445 | Gauntlet | Found a large runed translucent door.
  5446 | Gauntlet | Found a large runed translucent door.
  5446 | Gauntlet | Found a large runed translucent door.
  5450 | Gauntlet | Found a runed translucent gate.
  5450 | Gauntlet | Found a runed translucent gate.
  5450 | Gauntlet | Found a runed translucent gate.
  5451 | Gauntlet | Found a transporter.
  5471 | Gauntlet | Noticed a wizard
  5478 | Gauntlet | Noticed a wizard
  5484 | Gauntlet | Found a transporter.
  5485 | Gauntlet | Found a transporter.
  5493 | Gauntlet | Found a transporter.
  5507 | Gauntlet | Cast into level 3 of the Abyss (a wizard)
  5543 | Gauntlet | Escaped the Abyss
  5545 | Gauntlet | Paralysed by a wizard for 3 turns
  5546 | Gauntlet | Killed from afar by a wizard

Illustrated notes

Levels and vault maps discovered:
D:1:      wander_arrival_chamber, layout_loops_ring
D:2:      layout_rooms
D:3:      layout_loops_ring, grunt_ministairs_7, fedhas_altar_2, uniq_terence
D:4:      layout_cave_pools, nicolae_tso_carved_into_rock
D:5:      lemuel_upstairs_altar, layout_basic, elyvilon_altar_3,
          nicolae_overflow_hidden_temple
D:6:      layout_cave_pools, nicolae_ru_the_path_less_chosen,
          minmay_temple_entry_statues_pillars, ebering_ghost_sewer_d,
          minmay_circle_x
D:7:      layout_basic, gammafunk_temple_overflow_elements,
          uniq_crazy_yiuf_cottage
D:8:      layout_loops_corners, overflow_temple_1_default, dpeg_oklobed_lair,
          serial_shops, nicolae_shop_stone, gammafunk_ghost_stat_death,
          minmay_shop_grid_forest, st_stairs_8
D:9:      layout_long_grid, orc_0_dummy
D:10:     layout_irregular_city, serial_shops, shop, shop, kennysheep_mini,
          nicolae_shop_crystal, shop, nicolae_trove_entry_crossroad,
          nicolae_looking_at_the_future
D:11:     layout_loops_ring, gauntlet_entry_generic, basic_altar,
          nicolae_gozag_seed_capital
Temple:   lightli_temple_of_artemis
Gauntlet: gammafunk_gauntlet_branching [nicolae_gauntlet_arena_t_cross,
          nicolae_gauntlet_swirl, gammafunk_gauntlet_arena_arrow_garden,
          gammafunk_gauntlet_arena_open,
          minmay_gauntlet_arena_make_your_own_arena, nicolae_gauntlet_arena_x,
          gammafunk_gauntlet_arena_mazey, gammafunk_gauntlet_arena_chambers,
          gauntlet_exit_spiral]

Skill      XL: |  1  2  3  4  5  6  7  8  9 10 |
---------------+-------------------------------+-----
Axes           | 3 4 5 6 8 9 10 | 10.5
Fighting       | 3 4 5 6 |  6.5
Armour         | 4 5 6 7 8 |  8.0
Shields        | 4 5 6 7 8 |  8.0
Invocations    | 2 4 6 7 |  7.3

Action                   |  1- 3 |  4- 6 |  7- 9 | 10-12 || total
-------------------------+-------+-------+-------+-------++-------
Melee: War axe           |    80 |   133 |   461 |   142 ||   816
Invok: Lesser Servant of |       |       |       |     4 ||     4
 Abil: Heal Wounds       |       |     5 |    10 |    10 ||    25
  Use: Scroll            |       |       |    19 |     1 ||    20
       Potion            |       |       |       |     1 ||     1
Armor: Scale mail        |    32 |    47 |       |       ||    79
       Chain mail        |       |     8 |   256 |   105 ||   369
Dodge: Dodged            |    24 |    46 |   113 |    58 ||   241
Block: Kite shield       |    47 |    75 |   455 |   191 ||   768
       Reflection        |       |       |    11 |     5 ||    16

Table legend: (Time is in decaauts)
 A = Elapsed time spent in this place.
 B = Non-inter-level travel time spent in this place.
 C = Inter-level travel time spent in this place.
 D = Time resting spent in this place.
 E = Time spent auto-exploring this place.
 F = Levels seen in this place.
 G = Mean time per level.
                   A        B        C        D        E       F      G
               +--------+--------+--------+--------+--------+-----+--------+
         Total |   5717 |   5496 |    221 |      0 |   3950 |  14 |  408.4 |
       Dungeon |   5456 |   5248 |    208 |      0 |   3834 |  11 |  496.0 |
        Temple |     99 |     86 |     13 |      0 |     76 |   1 |   99.0 |
         Abyss |     35 |     35 |      0 |      0 |     24 |   1 |   35.0 |
      Gauntlet |    124 |    124 |      0 |      0 |     16 |   1 |  124.0 |
               +--------+--------+--------+--------+--------+-----+--------+

Top non-repeatable levels by time:
     D:5: 850 daAuts
    D:10: 834 daAuts
     D:8: 822 daAuts
     D:9: 769 daAuts
     D:7: 761 daAuts
     D:6: 533 daAuts
     D:4: 446 daAuts
     D:2: 292 daAuts
Gauntlet: 124 daAuts
  Temple: 99 daAuts
     D:1: 97 daAuts
     D:3: 43 daAuts
 Abyss:3: 35 daAuts
    D:11: 5 daAuts
